 Dungeon Crawl Stone Soup version 0.23-a0-169-gb21e695 (webtiles) character file.

66 sowhat the Chopper (level 3, 0/28 HPs)
             Began as a Demonspawn Gladiator on Sept 11, 2018.
             Succumbed to an adder's poison
             ... on level 2 of the Dungeon.
             The game lasted 00:00:45 (1137 turns).

sowhat the Chopper (Demonspawn Gladiator)           Turns: 1137, Time: 00:00:46

Health: 0/28       AC:  3    Str: 14    XL:     3   Next: 96%
Magic:  3/3        EV: 13    Int:  9    God:
Gold:   116        SH:  0    Dex: 15    Spells: 2/2 levels left

rFire    . . .     SeeInvis .   a - +0 war axe
rCold    . . .     Gourm    .   (no shield)
rNeg     . . .     Faith    .   b - +0 leather armour
rPois    .         Spirit   .   (helmet restricted)
rElec    .         Reflect  .   (no cloak)
rCorr    .         Harm     .   (no gloves)
MR       .....                  (no boots)
Stlth    ++........             (no amulet)
HPRegen  0.09/turn              (no ring)
MPRegen  0.08/turn              (no ring)

@: lethally poisoned (0 -> -5)
A: antennae 1, nightstalker 1
a: no special abilities


You were on level 2 of the Dungeon.
You were not hungry.

You visited 1 branch of the dungeon, and saw 2 of its levels.

You collected 116 gold pieces.

Inventory:

Hand Weapons
 a - a +0 war axe (weapon)
Missiles
 d - 3 throwing nets (quivered)
Armour
 b - a +0 leather armour (worn)
 c - a +0 helmet
Scrolls
 h - a scroll of enchant weapon {unknown}
 i - a scroll of identify {unknown}
 k - a scroll of remove curse {unknown}
 l - 3 scrolls of blinking {unknown}
 m - a scroll of immolation {unknown}
 n - a scroll of noise {unknown}
Potions
 e - 2 potions of agility {unknown}
 g - a potion of curing {unknown}
 j - a potion of heal wounds {unknown}
Comestibles
 f - 7 rations


   Skills:
 + Level 2.3 Fighting
 * Level 4.0 Axes
 - Level 1.7 Throwing
 + Level 0.2 Armour
 + Level 2.9 Dodging
 + Level 0.1 Stealth


You had 2 spell levels left.
You didn't know any spells.
Your spell library was empty.

Dungeon Overview and Level Annotations

Branches:
Dungeon (2/15)

Altars:


Innate Abilities, Weirdness & Mutations

You have a pair of small antennae on your head.
You are slightly more attuned to the shadows.


Message History

The jackal closely misses you. The jackal bites you.
* * * LOW HITPOINT WARNING * * *
The jackal bites you.
* * * LOW HITPOINT WARNING * * *
The giant cockroach bites you but does no damage.
You closely miss the jackal.
You hit the giant cockroach but do no damage.
You closely miss the jackal. You hit the jackal.
The jackal bites you but does no damage.
The jackal misses you. The jackal barely misses you.
The giant cockroach misses you. The jackal bites you.
* * * LOW HITPOINT WARNING * * *
The jackal barely misses you. The jackal bites you.
* * * LOW HITPOINT WARNING * * *
You hit the jackal.
The jackal is almost dead.
You hit the giant cockroach but do no damage.
You hit the jackal but do no damage. You hit the jackal.
You kill the jackal!
You die...

......# #.###.... #.#
### ..#####..%.. #.#
...[......... #.#
..#........##.... #.#
............#.#... #..
..........)....... #..
..................
......@h..........
.....sh.....<.....
..?..†.....#.......
.......†...........####
.....................#.
##..........###### #.#.
#..........########.#.
.......................
###........########....


You could see 2 jackals and a giant cockroach.

Vanquished Creatures
  3 adders (D:2)
  3 dart slugs
  2 leopard geckos (D:2)
  A giant cockroach (D:1)
  2 goblins (D:2)
  5 hobgoblins
  2 jackals (D:2)
  7 bats
  2 frilled lizards
  2 kobolds (D:1)
  6 rats
35 creatures vanquished.

Notes
Turn   | Place    | Note
-------+----------+-------------------------------------------
     0 | D:1      | sowhat the Demonspawn Gladiator began the quest for the
                  | Orb.
     0 | D:1      | Reached XP level 1. HP: 16/16 MP: 1/1
   232 | D:1      | Reached skill level 3 in Axes
   232 | D:1      | Gained mutation: You are slightly more attuned to the
                  | shadows. [demonic ancestry]
   232 | D:1      | Reached XP level 2. HP: 16/22 MP: 2/2
   728 | D:2      | Gained mutation: You have a pair of small antennae on your
                  | head. [demonic ancestry]
   728 | D:2      | Reached XP level 3. HP: 20/27 MP: 3/3
  1131 | D:2      | Reached skill level 4 in Axes
  1136 | D:2      | HP: 1/28 [jackal (3)]
  1137 | D:2      | Succumbed to an adder's poison

Vault maps used:
D:1:      dpeg_arrival_fog, minmay_pentomino_q4

Skill      XL: |  1  2  3 |
---------------+----------+-----
Axes           | 3 4 |  4.0
Fighting       | |  2.3
Throwing       | |  1.7
Armour         | |  0.2
Dodging        | |  2.9
Stealth        | |  0.1

Action                   || total
-------------------------++-------
Melee: War axe           ||    87
 Stab: Sleeping          ||     2
  Eat: Chunk             ||     1
Armor: Leather armour    ||    34
Dodge: Dodged            ||   104

Table legend:
 A = Non-vault XP
 B = Vault XP
 C = Vault XP percentage of total XP
 D = Non-vault monster count
 E = Vault monster count
 F = Vault count percentage of total count
                 A         B        C        D         E       F
            +---------+---------+-------+---------+---------+-------
      Total |      92 |       3 |   3.2 |      32 |       3 |   8.6
            +---------+---------+-------+---------+---------+-------
        D:1 |      16 |       3 |  15.8 |      10 |       3 |  23.1
        D:2 |      76 |       0 |   0.0 |      22 |       0 |   0.0
            +---------+---------+-------+---------+---------+-------
